AoeStats
← L0rdDmbrngr

Pilgrims

509735804Analyzed
4v4 RM · 5d ago on Sep 27, 2026· 79m 11s· 8 players
Game mode
Random Map
Map size
Large (8 player)
Population
200
Speed
Normal
Resources
Standard
Victory
Conquest
Starting age
Dark Age
Ending age
Imperial Age
RankedLock teamsTeams togetherTeam positionsShared explorationLock speedFull tech treeHidden civsTurbo modeCheats
Victory
Defeat
🇭🇷 Varangians · Croatia
1027
+7
🇮🇪 Hindustanis · Ireland
927
+11
🇩🇪 Georgians · Germany
843
+14
🇮🇪 Saxons · Ireland
837
+14
🇬🇧 Huns · United Kingdom
828
-12
🇺🇸 Persians · United States
820
-12
🇹🇷 Mongols · Türkiye
811
-12
🇮🇹 Huns · Italy
756
-10
xbarter
4:39 Loom
16:31 Feudal Age
17:48 Wheelbarrow
16:59 Horse Collar
17:09 Double-Bit Axe
19:12 Gold Mining
19:13 Stone Mining
20:14 Fishing Lines
20:52 Bloodlines
23:30 Forging
23:25 Scale Barding Armor
23:12 Fletching
27:26 Castle Age
28:15 Heavy Plow
28:27 Bow Saw
28:34 Hand Cart
28:05 Town Watch
28:24 Gillnets
28:51 Caravan
29:48 Gold Shaft Mining
36:43 Imperial Age
35:12 Nomads
35:09 Bodkin Arrow
35:15 Padded Archer Armor
35:51 Iron Casting
35:50 Husbandry
35:58 Thumb Ring
35:15 Elite Skirmisher
37:10 Leather Archer Armor
36:56 Scale Mail Armor
37:17 Chain Barding Armor
37:05 Squires
36:51 Arson
39:13 Drill
38:14 Elite Mangudai
39:17 Conscription
39:46 Parthian Tactics
41:43 Bracer
42:44 Blast Furnace
41:59 Chain Mail Armor
41:09 Crossbowman
44:38 Heavy Camel Rider
47:12 Chemistry
46:32 Ballistics
46:24 Masonry
46:20 Siege Engineers
61:59 Coinage
64:55 Banking
67:17 Elite Steppe Lancer
wilderbeest1
11:51 Feudal Age
12:42 Loom
18:19 Castle Age
17:14 Double-Bit Axe
18:40 Horse Collar
33:08 Imperial Age
31:06 Fletching
31:26 Forging
31:17 Padded Archer Armor
31:22 Heavy Plow
31:53 Gold Mining
31:53 Stone Mining
33:11 Wheelbarrow
32:38 Fishing Lines
33:28 Gillnets
33:49 Medium Warships
33:31 Town Watch
33:46 Bodkin Arrow
34:07 Leather Archer Armor
34:48 Hand Cart
34:58 Conscription
36:14 Bow Saw
37:11 Gold Shaft Mining
36:09 Cavalier
37:00 Bloodlines
36:50 Husbandry
37:43 Bracer
37:59 Scale Barding Armor
40:02 Chemistry
39:22 Ballistics
39:17 Careening
38:44 Elite Skirmisher
38:46 Pikeman
39:27 Squires
40:57 Iron Casting
40:43 Chain Barding Armor
41:34 Masonry
41:19 Murder Holes
42:51 Two-Man Saw
43:47 Paladin
47:05 Plate Barding Armor
47:31 Blast Furnace
49:43 Caravan
50:24 Marauders
50:44 Scale Mail Armor
50:33 Elite Tarkan
53:00 Atheism
57:12 Parthian Tactics
58:38 Guilds
74:52 Town Patrol
alexgiaco98
4:27 Loom
18:10 Feudal Age
19:18 Double-Bit Axe
19:32 Horse Collar
19:59 Stone Mining
20:28 Gold Mining
25:26 Castle Age
27:24 Gold Shaft Mining
27:01 Bow Saw
26:59 Heavy Plow
29:53 Husbandry
35:37 Imperial Age
34:53 Marauders
35:54 Thumb Ring
36:02 Bloodlines
35:55 Heavy Cavalry Archer
37:01 Parthian Tactics
38:05 Two-Man Saw
39:07 Elite Tarkan
41:05 Cavalier
42:11 Atheism
42:14 Conscription
42:07 Scale Barding Armor
42:03 Padded Archer Armor
41:53 Fletching
42:02 Capped Ram
43:03 Paladin
44:23 Leather Archer Armor
44:03 Bodkin Arrow
44:29 Chain Barding Armor
49:36 Siege Ram
51:15 Plate Barding Armor
61:35 Caravan
ferandres99
3:50 Loom
11:10 Feudal Age
12:10 Town Watch
14:22 Fishing Lines
15:04 Double-Bit Axe
17:51 Fletching
21:17 Castle Age
21:53 Wheelbarrow
22:35 Medium Warships
26:12 Bodkin Arrow
31:56 Bloodlines
32:10 Gillnets
33:22 Horse Collar
37:31 Imperial Age
36:44 Heavy Plow
37:25 Bow Saw
38:44 Gold Mining
39:17 Hand Cart
40:10 Chemistry
39:07 Murder Holes
40:11 Caravan
40:22 Town Patrol
40:39 Husbandry
41:05 Conscription
43:33 Heavy Warships
44:14 Masonry
45:27 Heavy Camel Rider
52:05 Cavalier
52:59 Bloodlines
54:30 Crop Rotation
56:27 Savar
57:22 Forging
57:19 Scale Barding Armor
57:38 Ballistics
57:48 Architecture
57:31 Clinker Construction
57:32 Careening
58:57 Iron Casting
L0rdDmbrngr
6:31 Loom
13:47 Feudal Age
14:44 Double-Bit Axe
21:33 Castle Age
21:03 Stone Mining
21:04 Gold Mining
23:20 Fletching
25:53 Bloodlines
29:56 Bodkin Arrow
30:20 Horse Collar
32:23 Town Watch
34:53 Scale Mail Armor
36:54 Wheelbarrow
41:58 Imperial Age
41:32 Forging
41:35 Bow Saw
44:30 Conscription
45:11 Bracer
45:16 Heavy Plow
46:54 Chain Mail Armor
47:14 Iron Casting
47:52 Scale Barding Armor
47:46 Heavy Camel Rider
50:03 Hand Cart
51:51 Chain Barding Armor
53:13 Gold Shaft Mining
53:05 Town Patrol
53:49 Husbandry
56:12 Plate Barding Armor
56:38 Blast Furnace
56:38 Ballistics
58:07 Stone Shaft Mining
62:10 Fortified Wall
66:03 Chemistry
65:14 Masonry
65:16 Elite Ghulam
67:18 Padded Archer Armor
74:45 Caravan
75:17 Murder Holes
76:47 Light Cavalry
78:06 Grand Trunk Road
78:41 Imperial Camel Rider
aHuRa_zg82
11:04 Feudal Age
15:38 Castle Age
14:40 Double-Bit Axe
14:55 Gold Mining
15:23 Fishing Lines
16:38 Gillnets
18:20 Bow Saw
18:11 Town Watch
19:04 Wheelbarrow
18:59 Town Watch
19:51 Wheelbarrow
20:00 Squires
22:06 Gambesons
22:09 Arson
23:18 Scale Mail Armor
24:56 Forging
25:43 Pikeman
28:04 Medium Warships
28:32 Horse Collar
30:09 Chain Mail Armor
31:19 Hand Cart
31:31 Stone Mining
35:58 Fletching
36:09 Padded Archer Armor
35:57 Vendel Legacy
36:52 Bloodlines
36:47 Husbandry
36:54 Scale Barding Armor
37:12 Bodkin Arrow
37:53 Iron Casting
37:23 Heavy Plow
40:36 Imperial Age
38:20 Masonry
37:51 Treadmill Crane
38:24 Fortified Wall
38:10 Murder Holes
38:41 Loom
38:58 Town Patrol
40:21 Chain Barding Armor
41:41 Conscription
40:45 Cavalier
40:57 Elite Varangian Guard
42:10 Plate Mail Armor
42:42 Blast Furnace
44:10 Plate Barding Armor
62:17 Light Cavalry
64:31 Hussar
zyzyx
10:20 Feudal Age
15:46 Double-Bit Axe
18:32 Fishing Lines
29:53 Stone Mining
34:23 Castle Age
35:18 Gold Mining
39:12 Wheelbarrow
38:24 Loom
38:26 Town Watch
41:31 Hand Cart
47:05 Scale Barding Armor
47:29 Horse Collar
48:13 Gillnets
48:53 Bloodlines
48:47 Heavy Plow
50:25 Bow Saw
51:51 Chain Barding Armor
57:43 Imperial Age
60:38 Conscription
61:42 Medium Warships
62:51 Caravan
64:13 Plate Barding Armor
72:19 Elite Monaspa
73:20 Caravan
CHIKN9476
9:41 Loom
19:56 Feudal Age
20:26 Town Watch
20:41 Arson
23:42 Forging
23:33 Scale Mail Armor
23:23 Fletching
23:33 Padded Archer Armor
24:19 Wheelbarrow
27:56 Castle Age
26:13 Horse Collar
26:26 Double-Bit Axe
26:32 Stone Mining
26:33 Gold Mining
29:34 Squires
29:52 Chain Mail Armor
30:12 Iron Casting
29:33 Bodkin Arrow
29:54 Leather Archer Armor
30:47 Husbandry
31:06 Bow Saw
31:23 Thumb Ring
41:59 Imperial Age
41:46 Heavy Plow
42:01 Bloodlines
42:08 Shield Wall
42:56 Elite Hearth Troop
46:13 Plate Mail Armor
49:48 Chemistry
51:12 Ballistics
63:11 Bracer
63:42 Ring Archer Armor
69:50 Bloodlines
69:42 Husbandry
69:08 Light Cavalry
Connection lost

Rejoining the realm…

Still unreachable

The connection could not be restored.

Session expired

The server has moved on; the page needs a fresh start.